 Dungeon Crawl Stone Soup version 0.20.0-15-g7f486f2 (webtiles) character file.

284 Monsterracer the Ruffian (level 6, 0/47 HPs)
             Began as a Draconian Transmuter on June 28, 2017.
             Killed by divine providence
             ... invoked by an orc priest
              (9 damage)
             ... on level 2 of the Dungeon.
             The game lasted 00:06:46 (2157 turns).

Monsterracer the Ruffian (Draconian Transmuter)     Turns: 2157, Time: 00:06:46

Health: 0/47       AC:  2    Str: 12    XL:     6   Next: 7%
Magic:  0/9        EV: 19    Int: 16    God:
Gold:   89         SH:  0    Dex: 16    Spells: 3/9 levels left

rFire    . . .     SeeInvis .     - Unarmed
rCold    . . .     Gourm    .   (shield currently unavailable)
rNeg     . . .     Faith    .   (armour unavailable)
rPois    x         Spirit   .   (helmet currently unavailable)
rElec    .         Reflect  .   (cloak currently unavailable)
rCorr    .         Harm     .   (gloves currently unavailable)
MR       .....                  (boots currently unavailable)
Stlth    +.........             (no amulet)
Regen    0.2/turn               d - ring of flight
MPRegen  0.2/turn               (no ring)

@: spider-form, very slightly contaminated
A: unfitting armour, AC +6
a: End Transformation, Evoke Flight


You were on level 2 of the Dungeon.
You were near starving.
You were a venomous arachnid creature.
You visited 1 branch of the dungeon, and saw 2 of its levels.

You collected 89 gold pieces.

Inventory:

Missiles
 a - 11 arrows
Armour
 f - a +1 pair of gloves (melded)
 g - a +0 pair of boots (melded)
Jewellery
 d - a ring of flight (left front leg)
Scrolls
 e - 2 scrolls of enchant armour {unknown}
 i - a scroll of identify {unknown}
 j - a scroll of magic mapping {unknown}
 k - a scroll of remove curse {unknown}
Books
 b - a book of Changes

   Spells                             Type                      Level
   a - Beastly Appendage              Transmutation                1
   b - Sticks to Snakes               Transmutation                2
   c - Spider Form                    Transmutation/Poison         3
   d - Ice Form                       Ice/Transmutation            4
   e - Blade Hands                    Transmutation                5
Comestibles
 c - 2 bread rations
 h - a royal jelly


   Skills:
 - Level 1.1 Fighting
 - Level 1.7 Dodging
 * Level 5.9 Unarmed Combat
 - Level 2.0 Spellcasting
 + Level 3.9 Transmutations


You had 3 spell levels left.
You knew the following spells:

 Your Spells              Type           Power        Failure   Level  Hunger
a - Beastly Appendage     Tmut           ##....       13%         1    #......
b - Sticks to Snakes      Tmut           ##......     17%         2    ###....
c - Spider Form           Tmut/Pois      #.........   50%         3    ###....


Dungeon Overview and Level Annotations

Branches:
Dungeon (2/15)

Altars:


Innate Abilities, Weirdness & Mutations

((Your plain brown scales are hard. (AC +6)))
You cannot fit into any form of body armour.
((You are cold-blooded and may be slowed by cold attacks.))


Message History

Your skin tingles.
The orc priest misses you.
Unknown command.
Casting: Spider Form
Confirm with . or Enter, or press ? or * to list all spells.
You turn into a venomous arachnid creature.
Your +1 pair of gloves melds into your body.
Your +0 pair of boots melds into your body.
* * * LOW MAGIC WARNING * * *
You are near starving!
The orc priest closely misses you.
Unknown command.
You hit the orc priest but do no damage.
The orc priest misses you.
You hit the orc priest.
The orc priest is moderately wounded.
You bite the orc priest!
The orc priest is poisoned.
The orc priest is severely wounded.
The orc priest invokes the aid of Beogh against you.
Beogh smites you!
You die...

# #.....# #.# #.#
# #.#.### ... #.#
# #.#.######
###.#. #.#
###.#....... ... .
#.# ## ##...###
#.# #.# #.
#...).#### #<# #.#
#.
#........#######.#
#.# #.
#................#
#.
##....#########.s#
#.
###.###........o#
#. #)##..#...#...#
#.
##)#$..........#
##.###.
#..#⌠...........
........
#..#$..........##
###.....
#..##..#...#..##
##(#..
###..###........
#.#.# ......######
# #.


You could see an orc priest.

Vanquished Creatures
  Sigmund (D:2)
  An orc priest (D:1)
  3 gnolls (D:2)
  An adder (D:1)
  3 worms
  3 leopard geckos
  3 orcs
  A giant cockroach (D:1)
  4 goblins
  5 hobgoblins
  4 jackals (D:2)
  3 bats (D:1)
  5 frilled lizards
  5 kobolds
  3 rats
45 creatures vanquished.

Vanquished Creatures (collateral kills)
  A jackal (D:2)
1 creature vanquished.

Grand Total: 46 creatures vanquished

Notes
Turn   | Place    | Note
-------+----------+-------------------------------------------
     0 | D:1      | Monsterracer the Draconian Transmuter began the quest for the Orb.
     0 | D:1      | Reached XP level 1. HP: 16/16 MP: 3/3
   495 | D:1      | Reached XP level 2. HP: 23/23 MP: 5/5
   677 | D:1      | Learned a level 2 spell: Sticks to Snakes
   854 | D:2      | Reached XP level 3. HP: 25/28 MP: 6/6
   988 | D:2      | Noticed Sigmund
  1006 | D:1      | Reached skill level 4 in Unarmed Combat
  1017 | D:1      | Learned a level 3 spell: Spider Form
  1314 | D:2      | Killed Sigmund
  1314 | D:2      | Reached skill level 5 in Unarmed Combat
  1314 | D:2      | Reached XP level 4. HP: 15/35 MP: 0/7
  1314 | D:2      | Reached XP level 5. HP: 18/40 MP: 0/8
  1453 | D:2      | HP: 2/40 [gnoll/spear (4)]
  2140 | D:1      | Reached XP level 6. HP: 27/47 MP: 4/9
  2157 | D:2      | Killed from afar by an orc priest

Skill      XL: |  1  2  3 |
---------------+----------+-----
Unarmed Combat | 5 |  5.9
Transmutations | 3 |  3.9
Fighting       | |  1.1
Dodging        | |  1.7
Spellcasting   | |  2.0

Action                   |  1- 3 |  4- 6 || total
-------------------------+-------+-------++-------
Melee: Unarmed           |   136 |    42 ||   178
       Tailslap          |     9 |     2 ||    11
       Kick              |     1 |       ||     1
       Punch             |     1 |       ||     1
       Headbutt          |     8 |     2 ||    10
 Cast: Beastly Appendage |     9 |     3 ||    12
       Spider Form       |     1 |     4 ||     5
       Sticks to Snakes  |     1 |       ||     1
  Use: Potion            |     3 |       ||     3
 Stab: Sleeping          |     1 |       ||     1
  Eat: Chunk             |     1 |     3 ||     4
Armor: Skin              |    35 |    10 ||    45
Dodge: Dodged            |    94 |    30 ||   124
